 Dungeon Crawl Stone Soup version 0.20-a0-1025-g4706f7e (webtiles) character file.

139767 KristoblXynda the Covert (level 16, -1/139 HPs)
             Began as a Green Draconian Monk on Apr 19, 2017.
             Was the Champion of Ashenzari.
             Slain by a spark wasp (22 damage)
             ... on level 2 of the Spider Nest.
             The game lasted 01:44:21 (34261 turns).

KristoblXynda the Covert (Green Draconian Monk)    Turns: 34261, Time: 01:44:22

Health: -1/139     AC: 22    Str: 14    XL:     16   Next: 74%
Magic:  0/27       EV: 25    Int: 15    God:    Ashenzari [******]
Gold:   1332       SH:  8    Dex: 18    Spells: 23/35 levels left

rFire    . . .     SeeInvis +   X - +8 broad axe "Pushovak" {protect, +Blink MR+} (curse)
rCold    + . .     Gourm    .   u - +2 buckler (curse)
rNeg     . . .     Faith    .   (armour unavailable)
rPois    +         Spirit   +   (helmet restricted)
rElec    .         Reflect  .   d - +2 cloak {rC+} (curse)
rCorr    .         Harm     .   i - +2 pair of gloves (curse)
MR       ++...     Clarity  +   (no boots)
Stlth    ++++++....             l - amulet of guardian spirit (curse)
Regen    0.4/turn               n - +5 ring of slaying (curse)
MPRegen  0.2/turn               r - +4 ring of evasion (curse)

@: protection aura, studying Ice Magic
A: breathe noxious fumes, unfitting armour, horns 1, stinger 1, talons 2, agile
2, blink, clarity, low mp 1, mutation resistance 1, poison resistance, screaming
1, weak 1, cold-blooded, subdued magic 1, AC +9
a: Breathe Noxious Fumes, Blink, Curse Item, Scrying, Transfer Knowledge,
Renounce Religion, Evoke Blink


You were on level 2 of the Spider Nest.
You worshipped Ashenzari.
Ashenzari was exalted by your worship.
You were not hungry.

You visited 6 branches of the dungeon, and saw 28 of its levels.
You also visited: Trove, Ice Cave and Volcano.

You collected 2579 gold pieces.
You spent 1247 gold pieces at shops.

Inventory:

Hand Weapons
 X - the cursed +8 broad axe "Pushovak" (weapon) {protect, +Blink MR+}
   (You found it in a treasure trove)

   It protects the one who uses it against injury (+AC on strike).
   It affects your resistance to hostile enchantments.
   It lets you blink.
   It has a curse placed upon it.
Missiles
 C - a throwing net (quivered)
Armour
 d - a cursed +2 cloak of cold resistance (worn)
 i - a cursed +2 pair of gloves (worn)
 u - a cursed +2 buckler (worn)
Jewellery
 l - a cursed amulet of guardian spirit (around neck)
 n - a cursed +5 ring of slaying (left hand)
 r - a cursed +4 ring of evasion (right hand)
Wands
 w - a wand of digging (11/24)
 z - a wand of acid (3/15)
 J - a wand of iceblast (10/15)
 Q - a wand of iceblast (6/15)
 R - a wand of iceblast (7/15)
Scrolls
 e - a scroll of immolation
 h - a scroll of enchant weapon
 k - 4 scrolls of recharging
 m - 6 scrolls of amnesia
 s - a scroll of enchant armour
 v - 4 scrolls of magic mapping
 E - 5 scrolls of identify
 G - a scroll of brand weapon
 N - 7 scrolls of teleportation
Potions
 b - 8 potions of brilliance
 c - 8 potions of curing
 f - a potion of berserk rage
 g - 3 potions of magic
 o - 3 potions of ambrosia
 q - a potion of lignification
 x - 3 potions of might
 A - 3 potions of agility
 B - 5 potions of flight
 D - a potion of haste
 F - 3 potions of invisibility
 I - a potion of resistance
 L - a potion of cancellation
Books
 y - a manual of Ice Magic
Comestibles
 a - 12 bread rations
 j - 7 fruits
 p - 3 royal jellies
 P - a meat ration


   Skills:
 - Level 12.3 Fighting
 + Level 11.7(16.1) Axes
   Level 4.1(8.7) Polearms
 - Level 10.9 Dodging
 - Level 13.4 Stealth
 - Level 4.1(7.0) Shields
 - Level 5.0 Unarmed Combat
 - Level 10.4 Spellcasting
 - Level 6.9(11.4) Summonings
 - Level 5.2(9.7) Translocations
 + Level 5.2(9.6) Transmutations
 + Level 10.7(14.9) Ice Magic
 - Level 4.8(9.2) Air Magic
 - Level 7.5(12.0) Evocations


You had 23 spell levels left.
You knew the following spells:

 Your Spells              Type           Power        Failure   Level  Hunger
a - Summon Lightning Spi  Summ/Air       ####....     1%          4    ###....
b - Blink                 Tloc           N/A          1%          2    None
c - Statue Form           Tmut/Erth      ###......    83%         6    ######.


Dungeon Overview and Level Annotations

Branches:
Dungeon (15/15)            Temple (1/1) D:4            Lair (6/6) D:10
 Shoals (1/4) Lair:2       Spider (3/4) Lair:2        Slime (0/5) Lair:5
    Orc (2/2) D:12            Elf (0/3) Orc:2        Vaults (0/5) D:13
 Depths (0/5) D:15

Altars:
Ashenzari
Cheibriados
Dithmenos
Elyvilon
Fedhas
Gozag
Hepliaklqana
Kikubaaqudgha
Makhleb
Nemelex Xobeh
Okawaru
Qazlal
Ru
Sif Muna
Trog
Uskayaw
Vehumet
Wu Jian
Xom
Yredelemnul
Zin
The Shining One

Shops:
D:9 ?   D:12 =   Orc:1 ?   Orc:2 ?(:(

Annotations:
D:4 Pikel
Lair:3 exclusion: 2 oklob plants
Lair:5 exclusion: 3 oklob plants


Innate Abilities, Weirdness & Mutations

You can breathe blasts of noxious fumes.
Your lurid green scales are hard. (AC +9)
You cannot fit into any form of body armour.
Your tail ends in a poisonous barb.
Your system is resistant to poisons. (rPois)
You are cold-blooded and may be slowed by cold attacks.
You have a pair of small horns on your head.
You have razor-sharp toenails.
You are very agile. (Dex +4)
You can translocate small distances at will.
You possess an exceptional clarity of mind.
Your magical capacity is low. (-10% MP)
You are somewhat resistant to further mutation.
You occasionally shout uncontrollably at your foes.
You are weak. (Str -2)
Your spells are a little easier to cast, but a little less powerful.


Message History

The jumping spider bites you but does no damage.
The spark wasp barely misses you.
You climb upwards.
A redback comes into view.
You shout at the redback!
There is a stone staircase leading down here.
You slash the jumping spider!
Your weapon exudes an aura of protection.
Your headbutt misses the jumping spider.
You tail-slap the jumping spider!
The jumping spider is poisoned.
The jumping spider is severely wounded.
You closely miss the spark wasp. You hit the demonic crawler.
The spark wasp stings you but does no damage.
The jumping spider leaps!
The demonic crawler hits you but does no damage.
The demonic crawler completely misses you.
The demonic crawler misses you.
A redback comes into view.
The spark wasp stings you!!
You die...

....# ###^..^..#...#..#.#......#.
....###...###....#.##.#...##.#.##
.#.##.#...#....^###.#.#.^.[...##.
..#......^.....##.#.......##..##.
..#..##..#.#......#......####....
.###....##.####^..#..##....#.....
........^s....#.......##(.###..#.
..#####.......##s......##..#..###
#.#...######.^.>@##...##...#....#
......(.#..#..#y##...####..#.....
#....#....##.s.s....##..#..#.^.##
#...##...^...###.#..##..##.#..##
(##.#...####.....#{......#...^#
##....#.......#..#...#......#.###
#.(.#.#.#.....#.##...####...###.#
##..##...<....{......###...##....
#........###.#..#.#.{#.#.........


You could see a spark wasp, a demonic crawler, a jumping spider and 2 redbacks.

Vanquished Creatures
  Arachne (Spider:2)
  Kirke (D:14)
  Roxanne (D:14)
  An orc warlord (Orc:1)
  2 emperor scorpions
  An entropy weaver (Spider:2)
  Azrael (Orc:2)
  Snorg (D:13)
  Fannar (Orc:1)
  Josephine (D:14)
  6 hydras
  3 catoblepae (Lair:6)
  2 ice dragons (D:15)
  2 death knights
  6 centaur warriors
  7 death yaks (Lair:6)
  An ogre mage (D:15)
  17 two-headed ogres
  A tengu warrior (D:15)
  4 orc high priests (Orc:2)
  Nergalle (D:12)
  Sonja (Lair:3)
  A fire crab (Volcano)
  5 skeletal warriors (D:13)
  4 unseen horrors
  A lindwurm (Volcano)
  A wizard (D:15)
  A necromancer (IceCv)
  A deep elf mage (D:13)
  6 ugly things
  3 orb spiders
  An orc knight (D:13)
  9 wolf spiders
  2 manticores (Lair:6)
  4 orc sorcerers
  3 cyclopes
  A manticore (shapeshifter) (D:12)
  A guardian serpent (shapeshifter) (D:15)
  A moth of wrath (Spider:3)
  4 black mambas
  17 elephants
  A centaur zombie (D:13)
  2 torpor snails
  An ice statue (IceCv)
  2 molten gargoyles (Volcano)
  8 spiny frogs
  A gargoyle (D:11)
  An efreet (D:15)
  3 rime drakes
  9 komodo dragons
  10 freezing wraiths (IceCv)
  3 demonic crawlers
  4 guardian mummies (D:12)
  A tengu conjurer (D:15)
  3 meliai (Spider:2)
  10 jumping spiders
  13 trolls
  A polar bear (Lair:1)
  4 slime creatures (D:12)
  A hornet (D:13)
  22 blink frogs
  13 hippogriffs
  9 dream sheep
  A dream sheep (shapeshifter) (D:15)
  13 redbacks
  A spriggan (D:7)
  6 fire elementals (Orc:2)
  3 vampires
  4 wyverns
  2 tarantellas (Spider:2)
  5 wraiths
  2 hogs (D:14)
  4 basilisks
  5 fire bats (Volcano)
  66 yaks
  A death yak simulacrum (IceCv)
  16 humans (D:13)
  5 vampire mosquitoes
  2 wargs (Orc:1)
  An acid dragon (D:12)
  A soldier ant (D:13)
  4 hell hounds
  7 porcupines
  33 water moccasins
  20 orc warriors
  10 ice beasts
  7 sky beasts
  2 black bears
  Duvessa (D:6)
  A hornet zombie (D:15)
  21 ogres
  2 phantoms
  2 eyes of draining
  28 wolves
  26 centaurs
  10 crocodiles
  3 big kobolds
  14 bullfrogs
  4 gnoll sergeants (D:12)
  Dowan (D:6)
  A wyvern skeleton (D:15)
  2 scorpions
  12 killer bees
  5 wights (D:8)
  6 electric eels
  3 howler monkeys
  7 crimson imps
  4 draconian simulacra (IceCv)
  A lava snake (Volcano)
  2 bullfrog zombies
  25 orc priests
  5 centaur skeletons
  9 hounds
  3 jellies
  31 orc wizards
  A bullfrog skeleton (D:13)
  6 iguanas
  10 worker ants
  3 troll simulacra (IceCv)
  2 wolf simulacra (IceCv)
  A polar bear simulacrum (IceCv)
  4 centaur simulacra (IceCv)
  2 hound skeletons
  4 mummies (D:12)
  A worker ant zombie (D:10)
  16 gnolls
  3 naga simulacra (IceCv)
  6 ogre simulacra (IceCv)
  28 adders
  3 river rats (Lair:6)
  7 shadow imps
  12 white imps (IceCv)
  An ooze (D:3)
  3 adder skeletons
  3 worms (D:3)
  4 dart slugs
  7 leopard geckos
  78 orcs
  3 ball pythons
  3 giant cockroaches
  3 goblins
  7 hobgoblins
  8 jackals
  17 kobolds
  6 quokkas
  4 bats
  6 frilled lizards
  A jackal skeleton (D:5)
  6 rats
  7 fungi
  A plant (Lair:5)
977 creatures vanquished.

Vanquished Creatures (others)
  A jumping spider (Spider:3)
  A human (D:15)
  2 orc priests (Orc:2)
  24 fungi
  22 plants
50 creatures vanquished.

Grand Total: 1027 creatures vanquished

Notes
Turn   | Place    | Note
-------+----------+-------------------------------------------
     0 | D:1      | KristoblXynda the Draconian Monk began the quest for the Orb.
     0 | D:1      | Reached XP level 1. HP: 22/22 MP: 1/1
   485 | D:1      | Reached XP level 2. HP: 28/28 MP: 2/2
   567 | D:1      | Reached skill level 1 in Polearms
  1051 | D:2      | Reached XP level 3. HP: 22/34 MP: 3/3
  1555 | D:3      | Reached skill level 4 in Stealth
  1853 | D:3      | Reached skill level 1 in Shields
  1853 | D:3      | Reached XP level 4. HP: 37/41 MP: 4/4
  2027 | D:3      | Noticed a sky beast
  2049 | D:3      | Killed a sky beast
  2049 | D:3      | Reached XP level 5. HP: 12/47 MP: 5/5
  2058 | D:3      | Gained mutation: You have a pair of small antennae on your head. [mutagenic meat]
  2059 | D:3      | Gained mutation: Your muscles are strong. (Str +2) [mutagenic meat]
  2061 | D:3      | Gained mutation: You have sharp toenails. [mutagenic meat]
  2062 | D:3      | Gained mutation: Scrolls take you a little longer to read. [mutagenic meat]
  2298 | D:3      | Found a sacrificial altar of Ru.
  2298 | D:3      | Found a deep blue altar of Sif Muna.
  2298 | D:3      | Found a deep blue altar of Sif Muna.
  2298 | D:3      | Found an opulent altar of Gozag.
  2298 | D:3      | Found a deep blue altar of Sif Muna.
  2298 | D:3      | Found a shimmering altar of Xom.
  2737 | D:4      | Found a staircase to the Ecumenical Temple.
  2942 | D:4      | Reached XP level 6. HP: 52/53 MP: 6/6
  3137 | D:4      | Reached skill level 5 in Stealth
  3176 | D:4      | Noticed a slave
  3177 | D:4      | Noticed Pikel
  3177 | D:4      | Noticed a slave
  3177 | D:4      | Noticed a slave
  3177 | D:4      | Noticed a slave
  3194 | D:4      | Lost mutation: You have a pair of small antennae on your head. [potion of mutation]
  3194 | D:4      | Lost mutation: Scrolls take you a little longer to read. [potion of mutation]
  3194 | D:4      | Lost mutation: You have sharp toenails. [potion of mutation]
  3194 | D:4      | Lost mutation: Your muscles are strong. (Str +2) [potion of mutation]
  3194 | D:4      | Gained mutation: You have a pair of small horns on your head. [potion of mutation]
  3194 | D:4      | Gained mutation: You are agile. (Dex +2) [potion of mutation]
  3194 | D:4      | Gained mutation: You are weak. (Str -2) [potion of mutation]
  3194 | D:4      | Gained mutation: You are resistant to hostile enchantments. (MR+) [potion of mutation]
  3208 | D:4      | Reached skill level 1 in Evocations
  3481 | D:4      | Your scales start taking on a lurid green colour.
  3481 | D:4      | Reached XP level 7. HP: 59/60 MP: 8/8
  3481 | D:4      | Gained mutation: Your system is resistant to poisons. (rPois) [Green Draconian growth]
  3844 | D:5      | Entered Level 5 of the Dungeon
  3854 | D:5      | Reached skill level 1 in Axes
  4076 | D:5      | Found a bloodstained altar of Trog.
  4453 | D:5      | Found a sparkling altar of Nemelex Xobeh.
  4594 | Temple   | Entered the Ecumenical Temple
  4782 | Temple   | Became a worshipper of Ashenzari the Shackled
  4782 | Temple   | Reached * piety under Ashenzari
  4782 | Temple   | Reached ** piety under Ashenzari
  5182 | D:6      | Noticed Duvessa
  5187 | D:6      | Noticed Dowan
  5205 | D:6      | Killed Duvessa
  5219 | D:6      | Killed Dowan
  5219 | D:6      | Reached XP level 8. HP: 40/67 MP: 10/10
  6008 | D:7      | Reached skill level 5 in Dodging
  6079 | D:7      | Gained mutation: Your magical capacity is low. (-10% MP) [mutagenic meat]
  6080 | D:7      | Gained mutation: You have sharp toenails. [mutagenic meat]
  6081 | D:7      | Gained mutation: You are very agile. (Dex +4) [mutagenic meat]
  6291 | D:7      | Noticed a hippogriff
  6300 | D:7      | Reached skill level 5 in Axes
  6304 | D:7      | Killed a hippogriff
  6304 | D:7      | Reached XP level 9. HP: 30/72 MP: 11/11
  6315 | D:7      | Gained mutation: You have a pair of horns on your head. [mutagenic meat]
  6317 | D:7      | Lost mutation: You are resistant to hostile enchantments. (MR+) [mutagenic meat]
  6318 | D:7      | Gained mutation: You can translocate small distances at will. [mutagenic meat]
  6393 | D:7      | Reached skill level 6 in Stealth
  6732 | D:7      | Reached *** piety under Ashenzari
  7187 | D:8      | Noticed a two-headed ogre
  7197 | D:8      | Killed a two-headed ogre
  7197 | D:8      | Reached skill level 7 in Stealth
  7307 | D:8      | Found a glowing golden altar of the Shining One.
  7345 | D:8      | Found a sacrificial altar of Ru.
  7345 | D:8      | Found a deep blue altar of Sif Muna.
  7345 | D:8      | Found a glowing silver altar of Zin.
  7345 | D:8      | Noticed a two-headed ogre
  7360 | D:8      | Killed a two-headed ogre
  7360 | D:8      | Reached XP level 10. HP: 7/80 MP: 12/12
  8198 | D:9      | Found Poguse's Magic Scroll Boutique.
  8236 | D:9      | Noticed a two-headed ogre
  8248 | D:9      | Killed a two-headed ogre
  8248 | D:9      | Reached skill level 8 in Stealth
  8531 | D:9      | Reached skill level 10 in Axes
  8923 | D:9      | Noticed a two-headed ogre
  8936 | D:9      | Killed a two-headed ogre
  8948 | D:9      | Reached skill level 9 in Stealth
  9086 | D:9      | Found a white marble altar of Elyvilon.
  9464 | D:9      | Reached **** piety under Ashenzari
  9592 | D:9      | Learned a level 4 spell: Summon Lightning Spire
  9778 | D:10     | Entered Level 10 of the Dungeon
  9812 | D:10     | Reached skill level 1 in Spellcasting
  9824 | D:10     | Found a staircase to the Lair.
  9828 | Lair:1   | Entered Level 1 of the Lair of Beasts
  9848 | Lair:1   | Learned a level 2 spell: Blink
  9865 | Lair:1   | Reached XP level 11. HP: 85/85 MP: 13/13
  9887 | Lair:1   | Reached skill level 5 in Fighting
  9914 | Lair:1   | Found a dark tunnel.
  9939 | Volcano  | Entered a volcano
 10545 | Volcano  | Found a radiant altar of Vehumet.
 10545 | Volcano  | Noticed a lindwurm
 10569 | Volcano  | Killed a lindwurm
 10573 | Volcano  | Noticed a fire crab
 10583 | Volcano  | Killed a fire crab
 10814 | Volcano  | Reached skill level 10 in Stealth
 11407 | Lair:1   | Noticed a seven-headed hydra
 11418 | Lair:1   | Killed a five-headed hydra
 11418 | Lair:1   | Reached skill level 1 in Translocations
 12828 | Lair:2   | Reached skill level 5 in Spellcasting
 12871 | Lair:2   | Reached ***** piety under Ashenzari
 12878 | Lair:2   | Reached XP level 12. HP: 78/101 MP: 18/18
 12884 | Lair:2   | Found a staircase to the Shoals.
 13117 | Lair:2   | Noticed a five-headed hydra
 13129 | Lair:2   | Killed a one-headed hydra
 13326 | Lair:2   | Reached skill level 5 in Translocations
 13451 | Lair:2   | Found a hole to the Spider Nest.
 14064 | Lair:2   | Reached skill level 1 in Summonings
 14199 | Shoals:1 | Entered Level 1 of the Shoals
 14528 | Lair:3   | Noticed Sonja
 14544 | Lair:3   | Killed Sonja
 15435 | Lair:3   | Reached skill level 10 in Fighting
 15586 | Lair:3   | Reached skill level 1 in Air Magic
 15750 | Lair:4   | Reached skill level 5 in Summonings
 15806 | Lair:4   | Reached XP level 13. HP: 85/113 MP: 22/22
 15811 | Lair:4   | Reached skill level 5 in Evocations
 17517 | Lair:5   | Reached ****** piety under Ashenzari
 18850 | Lair:6   | Entered Level 6 of the Lair of Beasts
 19675 | Lair:6   | HP: 4/113 [black mamba (18)]
 19734 | Lair:6   | Gained mutation: Your tail ends in a poisonous barb. [Green Draconian growth]
 19734 | Lair:6   | Reached XP level 14. HP: 23/121 MP: 24/24
 21271 | Lair:6   | Reached skill level 10 in Spellcasting
 22957 | D:11     | Lost mutation: You are very agile. (Dex +4) [mutagenic meat]
 23016 | D:11     | Reached skill level 11 in Stealth
 23653 | D:12     | Noticed Nergalle
 23666 | D:12     | Killed Nergalle
 23764 | D:12     | Lost mutation: You are weak. (Str -2) [mutagenic meat]
 23765 | D:12     | Gained mutation: You possess an exceptional clarity of mind. [mutagenic meat]
 23766 | D:12     | Lost mutation: You can translocate small distances at will. [mutagenic meat]
 23892 | D:12     | Noticed a reaper
 23892 | D:12     | Noticed a reaper
 23892 | D:12     | Noticed a reaper
 23892 | D:12     | Noticed a reaper
 23892 | D:12     | Noticed a reaper
 24310 | D:12     | Found Aloedag's Jewellery Shop.
 24353 | D:12     | Bought the ring of Iroqaf {rElec MR+ Slay+2} for 758 gold pieces
 24443 | D:12     | Gained mutation: You can translocate small distances at will. [mutagenic meat]
 24445 | D:12     | Lost mutation: You have a pair of horns on your head. [mutagenic meat]
 24446 | D:12     | Gained mutation: You are weak. (Str -2) [mutagenic meat]
 24447 | D:12     | Gained mutation: You occasionally shout uncontrollably at your foes. [mutagenic meat]
 24455 | D:12     | Found a staircase to the Orcish Mines.
 24661 | Orc:1    | Entered Level 1 of the Orcish Mines
 24758 | Orc:1    | Found Xopsyr Rerpho's Magic Scroll Shoppe.
 24764 | Orc:1    | Found a deep blue altar of Sif Muna.
 24766 | Orc:1    | Noticed an orc warlord
 24793 | Orc:1    | Killed an orc warlord
 24793 | Orc:1    | Reached skill level 1 in Unarmed Combat
 24793 | Orc:1    | Reached XP level 15. HP: 80/132 MP: 14/26
 24910 | Orc:1    | Bought a scroll of remove curse for 51 gold pieces
 24910 | Orc:1    | Bought a scroll of remove curse for 51 gold pieces
 24940 | Orc:1    | Identified Sif Muna's Tome of Evil Rituals
 24970 | Orc:1    | Noticed Fannar
 24981 | Orc:1    | Killed Fannar
 25215 | Orc:2    | Entered Level 2 of the Orcish Mines
 25319 | Orc:2    | Noticed Azrael
 25337 | Orc:2    | Found a staircase to the Elven Halls.
 25964 | Orc:2    | Reached skill level 12 in Stealth
 26339 | Orc:2    | Found Foad Sauca's Book Shoppe.
 26339 | Orc:2    | Found Jinnet's Magic Scroll Emporium.
 26340 | Orc:2    | Found Holuipp's Antique Weapon Emporium.
 26345 | Orc:2    | Found Ehostrayl's Weapon Shoppe.
 26350 | Orc:2    | Bought an ivory broad axe for 270 gold pieces
 26350 | Orc:2    | Identified the cursed +0 broad axe of Yeast {drain, *Corrode +Fly rC+} (You bought it in a shop on level 2 of the Orcish Mines)
 26574 | Orc:2    | Killed Azrael
 26877 | D:13     | Found a frozen archway.
 26883 | IceCv    | Entered an ice cave
 27276 | IceCv    | Reached skill level 5 in Unarmed Combat
 27663 | IceCv    | Found an ancient bone altar of Kikubaaqudgha.
 28081 | D:13     | Reached skill level 10 in Dodging
 28088 | D:13     | Reached skill level 1 in Ice Magic
 28544 | D:13     | Found a gate to the Vaults.
 28794 | D:13     | Noticed Snorg
 28824 | D:13     | Killed Snorg
 29336 | D:14     | Noticed Josephine
 29348 | D:14     | Killed Josephine
 29348 | D:14     | Reached skill level 5 in Ice Magic
 29552 | D:14     | Noticed Roxanne
 29589 | D:14     | Killed Roxanne
 29590 | D:14     | Identified Roxanne's Disquisition on the Rocks (You took it off Roxanne on level 14 of the Dungeon)
 29953 | D:14     | Learned a level 6 spell: Statue Form
 29962 | D:14     | Noticed Kirke
 29976 | D:14     | Killed Kirke
 29994 | D:14     | Reached XP level 16. HP: 139/139 MP: 27/27
 30241 | D:15     | Entered Level 15 of the Dungeon
 30377 | D:15     | Found a portal to a secret trove of treasure.
 30503 | D:15     | Gained mutation: You have razor-sharp toenails. [mutagenic meat]
 30504 | D:15     | Gained mutation: You are somewhat resistant to further mutation. [mutagenic meat]
 30507 | D:15     | Gained mutation: Your spells are a little easier to cast, but a little less powerful. [mutagenic meat]
 30870 | D:15     | Gained mutation: You are very agile. (Dex +4) [mutagenic meat]
 30920 | D:15     | Reached skill level 13 in Stealth
 30925 | D:15     | Reached skill level 1 in Transmutations
 31386 | D:15     | Found a staircase to the Depths.
 31963 | D:15     | You paid a toll of +4 ice dragon scales to enter a treasure trove
 31964 | Trove    | Entered a treasure trove
 31973 | Trove    | Identified the +7 flail of Paper {flame, rF+}
 31974 | Trove    | Identified the cursed +11 glaive "Guilut" {venom, *Noise rC+ rN+++ Int+3}
 32004 | Trove    | Identified the cursed +3 fustibalus of Kiar {velocity, rC+ MR+ Str+4 Dex-4}
 32004 | Trove    | Identified the cursed +6 demon trident "Vakkudix" {freeze, rC+ rN++ Dex-4}
 32014 | Trove    | Identified the cursed +3 hand axe "Duhostul" {chaos, rElec rF+++ rC- Int-5}
 32014 | Trove    | Identified the cursed +8 broad axe "Pushovak" {protect, +Blink MR+}
 32319 | Orc:2    | Bought a scroll of remove curse for 39 gold pieces
 32319 | Orc:2    | Bought a scroll of remove curse for 39 gold pieces
 32319 | Orc:2    | Bought a scroll of teleportation for 39 gold pieces
 32582 | Spider:1 | Entered Level 1 of the Spider Nest
 33119 | Spider:2 | Noticed Arachne
 33456 | Spider:2 | Killed Arachne
 33456 | Spider:2 | Reached skill level 10 in Ice Magic
 33983 | Spider:2 | Reached skill level 5 in Transmutations
 34261 | Spider:2 | Slain by a spark wasp

Vault maps used:
D:1:      nicolae_arrival_somewhat_less_tricky_arrival
D:2:      hex_medium, minmay_heptomino_h4
D:3:      first_bread, doesnt_xom_only_xom
D:4:      minmay_temple_entry_from_below_a, uniq_pikel
D:5:      nemelex_xobeh_ov_fountains_minmay, bloody_trog
D:6:      uniq_duvessa
D:7:      the_bakery
D:8:      kennysheep_mini, gammafunk_temple_overflow_forgotten, hex_large
D:9:      elyvilon_altar_3, serial_shops, nicolae_shop_crystal,
          kennysheep_generic_room_11
D:10:     lair_entry_dummy
D:11:     kennysheep_small_spiral
D:12:     kennysheep_orc_monster_closet_entryway, serial_shops, shop,
          grunt_decor_arrowhead, minmay_guarded_unrand_curses, uniq_nergalle
D:13:     david_vaults_3, portal_ice_cave_rime, uniq_snorg
D:14:     minmay_holes, uniq_kirke, uniq_roxanne, uniq_josephine
D:15:     grunt_enter_depths_hoard, enter_trove_2
Temple:   regret_index_temple_generic_petals
Lair:1:   nicolae_volcano_entry_s_turn, st_stairs_12
Lair:2:   minmay_shoals_entry_centaurs, spider_nest_entry_funnel_web,
          grunt_megastairs_4, infiniplex_staircase_pool
Lair:3:   lemuel_reptile_caves, minmay_lair_oklob_chamber, uniq_sonja
Lair:5:   minmay_lair_venomous_thicket, minmay_slime_entry_oklob_enclosed,
          serial_bayou_lake_a, grunt_megastairs_1
Lair:6:   evilmike_catoblepas_cave, lookout_lair_type, pond
Shoals:1: uniq_frances
Spider:2: uniq_arachne
Orc:1:    serial_shops, shop, led_sif_book, uniq_fannar
Orc:2:    st_orc_mages, mines2_lemuel, uniq_azrael
Trove:    trove_weapons_four_rooms
IceCv:    ice_cave_small_necro
Volcano:  volcano_lake

Skill      XL: |  1  2  3  4  5  6  7  8  9 10 11 12 13 14 15 16 |
---------------+-------------------------------------------------+-----
Polearms       | 1 2 3 4 |  4.1
Dodging        | 4 5 6 8 10 | 10.9
Stealth        | 4 5 7 9 10 11 12 13 | 13.4
Shields        | 1 2 3 4 |  4.1
Evocations     | 1 3 4 7 |  7.5
Axes           | 2 5 9 11 | 11.7
Spellcasting   | 1 5 7 9 10 | 10.4
Fighting       | 8 10 11 12 | 12.3
Translocations | 4 5 |  5.2
Summonings     | 5 6 |  6.9
Air Magic      | 2 4 |  4.8
Unarmed Combat | 1 5 |  5.0
Ice Magic      | 6 10 | 10.7
Transmutations | 5 |  5.2

Action                   |  1- 3 |  4- 6 |  7- 9 | 10-12 | 13-15 | 16-18 || total
-------------------------+-------+-------+-------+-------+-------+-------++-------
Melee: Unarmed           |    13 |       |       |       |       |       ||    13
       Spear             |   100 |   134 |     5 |       |       |       ||   239
       Tailslap          |    11 |    16 |    27 |    90 |   190 |    49 ||   383
       Kick              |       |    17 |    17 |   166 |   455 |   108 ||   763
       Headbutt          |       |    11 |    51 |    96 |   295 |    72 ||   525
       War axe           |       |       |   212 |   521 |  1302 |   142 ||  2177
       Broad axe         |       |       |       |       |       |   173 ||   173
 Cast: Summon Lightning  |       |       |       |       |     3 |       ||     3
Invok: Curse Item        |       |       |     4 |     2 |     2 |     1 ||     9
 Abil: Breathe Noxious F |       |       |     3 |     3 |     4 |       ||    10
       Blink             |       |       |       |     1 |     3 |       ||     4
Evoke: Wand              |       |     9 |     4 |    10 |     8 |       ||    31
  Use: Scroll            |     3 |    11 |    14 |     9 |    17 |     8 ||    62
       Potion            |       |     2 |       |     5 |     4 |     1 ||    12
 Stab: Sleeping          |     9 |     5 |     8 |    24 |    37 |    15 ||    98
       Distracted        |     1 |       |       |     1 |    16 |     1 ||    19
       Confused          |       |       |     1 |     5 |     4 |       ||    10
       Held in net/web   |       |       |       |       |       |     1 ||     1
  Eat: Chunk             |     3 |     8 |    18 |     9 |    35 |    21 ||    94
       Fruit             |       |     2 |     3 |       |     2 |     6 ||    13
       Royal jelly       |       |       |     2 |     2 |       |       ||     4
       Meat ration       |       |       |       |     1 |     5 |       ||     6
       Bread ration      |       |       |       |     2 |       |       ||     2
Armor: Skin              |    37 |    35 |    35 |    90 |   241 |    86 ||   524
Dodge: Dodged            |    70 |    73 |   157 |   380 |   904 |   369 ||  1953
Block: Buckler           |    11 |    33 |    59 |   220 |   466 |   161 ||   950
